PBL
NIAGARA FALLS PHANTOMS @ HAMILTON CARDINALS
09/21/2047
 
TOP OF THE 1ST
Niagara Falls Phantoms batting - Pitching for Hamilton Cardinals : LHP David Salas
Pitching: LHP David Salas
Batting: RHB Paul Ngumi 0-0: Ground out U3 (Groundball, 34S, EV 80.6 MPH)
Batting: LHB Chris Viehman 0-0: Called Strike
0-1: Foul Ball, location: 2F
0-2: Strikes out swinging
Batting: LHB Luis Ponce 0-0: Called Strike
0-1: Ball
1-1: Foul Ball, location: 2F
1-2: Foul Ball, location: 2F
1-2: Fly out, F7 (Flyball, 78M, EV 95.6 MPH)
Top of the 1st over - 0 runs, 0 hits, 0 errors, 0 left on base; Niagara Falls 0 - Hamilton 0
BOTTOM OF THE 1ST
Hamilton Cardinals batting - Pitching for Niagara Falls Phantoms : LHP Gordon Jing
Pitching: LHP Gordon Jing
Batting: RHB Jonathan Winkler 0-0: Ball
1-0: Called Strike
1-1: Ball
2-1: DOUBLE (Line Drive, 9LM, EV 111.2 MPH)
Batting: RHB Juan Carrillo 0-0: SINGLE (Groundball, 4MD, EV 98.1 MPH)
Jonathan Winkler to third
Runner from 3rd tries for Home, SAFE, throw by CF to home
Batting: RHB Mario Carbajal 0-0: Ball
1-0: Foul Ball, location: 2F
1-1: Called Strike
1-2: Foul Ball, location: 2F
1-2: Ball
2-2: SINGLE (Flyball, 78S, EV 96.9 MPH)
Juan Carrillo to second
Batting: RHB Pablo Nunez 0-0: Ball
1-0: Ball
Juan Carrillo steals 3rd base
2-0: Fly out, F8 (Flyball, 8LD, EV 104.4 MPH)
Batting: LHB Rafael Banda 0-0: Foul Ball, location: 2F
0-1: SINGLE (Line Drive, 8LS, EV 98.8 MPH)
Juan Carrillo scores
Mario Carbajal to second
Batting: RHB Shou-feng Chang 0-0: Ball
1-0: Fly out, F3 (Popup, 3D, EV 51.2 MPH)
Batting: LHB Mike East 0-0: Swinging Strike
0-1: Ball
1-1: Foul Ball, location: 2F
1-2: Ball
2-2: Foul Ball, location: 2F
2-2: Ball
Wild Pitch!
Mario Carbajal to third
Rafael Banda to second
3-2: SINGLE (Flyball, 7LS, EV 90.0 MPH)
Mario Carbajal scores
Rafael Banda to third
Runner from 3rd tries for Home, SAFE, throw by LF to home
Batting: RHB David Snyder 0-0: Ball
1-0: Foul Ball, location: 2F
1-1: Ball
2-1: Ball
3-1: Fielders Choice at 2nd, 6-4 (Groundball, 6, EV 86.9 MPH)
Bottom of the 1st over - 4 runs, 5 hits, 0 errors, 1 left on base; Niagara Falls 0 - Hamilton 4
TOP OF THE 2ND
Niagara Falls Phantoms batting - Pitching for Hamilton Cardinals : LHP David Salas
Batting: RHB Jose Villanueva 0-0: Fly out, F7 (Line Drive, 78M, EV 86.9 MPH)
Batting: SHB Dylan Best 0-0: Called Strike
0-1: Foul Ball, location: 2F
0-2: Ball
1-2: Strikes out swinging
Batting: LHB Dave Ortiz 0-0: Foul Ball, location: 2F
0-1: SINGLE (Groundball, 4MD, EV 96.9 MPH)
Batting: SHB Hui Li 0-0: Called Strike
0-1: DOUBLE (Flyball, 78D, EV 105.6 MPH)
Dave Ortiz to third
Pinch Runner at 2nd Danny de Leon:
Batting: RHB Arturo Gomez 0-0: Called Strike
0-1: Swinging Strike
0-2: Strikes out swinging
Top of the 2nd over - 0 runs, 2 hits, 0 errors, 2 left on base; Niagara Falls 0 - Hamilton 4
BOTTOM OF THE 2ND
Hamilton Cardinals batting - Pitching for Niagara Falls Phantoms : LHP Gordon Jing
Now in RF: Danny de Leon
Batting: SHB J.T. Ready 0-0: Foul Ball, location: 2F
0-1: Ball
1-1: Ball
2-1: Fly out, F5 (Line Drive, 5L, EV 66.9 MPH)
Batting: RHB Jonathan Winkler 0-0: Called Strike
0-1: Reached on error, E8 (Flyball, 8LD, EV 84.4 MPH)
Batting: RHB Juan Carrillo 0-0: Fly out, F7 (Flyball, 7, EV 93.1 MPH)
Batting: RHB Mario Carbajal 0-0: Ball
1-0: Fly out, F9 (Flyball, 89M, EV 90.6 MPH)
Bottom of the 2nd over - 0 runs, 0 hits, 1 error, 1 left on base; Niagara Falls 0 - Hamilton 4
TOP OF THE 3RD
Niagara Falls Phantoms batting - Pitching for Hamilton Cardinals : LHP David Salas
Batting: LHB Victor Reyna 0-0: Called Strike
0-1: Ball
1-1: Ball
2-1: Ball
3-1: Swinging Strike
3-2: Foul Ball, location: 2F
3-2: Base on Balls
Batting: RHB Paul Ngumi 0-0: Ball
1-0: Ball
2-0: Ball
3-0: Base on Balls
Victor Reyna to second
Batting: LHB Chris Viehman 0-0: Ball
1-0: Called Strike
1-1: Ball
2-1: Called Strike
2-2: Ball
3-2: Foul Ball, location: 2F
3-2: Strikes out swinging
Batting: LHB Luis Ponce 0-0: Foul Ball, location: 2F
0-1: Swinging Strike
0-2: Strikes out swinging
Batting: RHB Jose Villanueva 0-0: Fly out, F8 (Flyball, 8LM, EV 83.1 MPH)
Top of the 3rd over - 0 runs, 0 hits, 0 errors, 2 left on base; Niagara Falls 0 - Hamilton 4
BOTTOM OF THE 3RD
Hamilton Cardinals batting - Pitching for Niagara Falls Phantoms : LHP Gordon Jing
Batting: RHB Pablo Nunez 0-0: Called Strike
0-1: Ball
1-1: SINGLE (Groundball, 6MD, EV 103.8 MPH)
Batting: LHB Rafael Banda 0-0: Called Strike
0-1: Fielders Choice at 2nd, 5-6 (Groundball, 6, EV 86.9 MPH)
Batting: RHB Shou-feng Chang 0-0: Ball
1-0: DOUBLE (Flyball, 89D, EV 88.8 MPH)
Rafael Banda to third
Batting: LHB Mike East 0-0: DOUBLE (Line Drive, 9LM, EV 105.6 MPH)
Rafael Banda scores
Shou-feng Chang scores
Pitching: LHP Jordan Medina
Batting: RHB David Snyder 0-0: Foul Ball, location: 2F
0-1: Ball
1-1: Ground out 4-3 (Groundball, 34, EV 82.5 MPH)
Mike East to third
Batting: SHB J.T. Ready 0-0: Ball
1-0: Ball
2-0: Called Strike
2-1: Foul Ball, location: 2F
2-2: Strikes out swinging
Bottom of the 3rd over - 2 runs, 3 hits, 0 errors, 1 left on base; Niagara Falls 0 - Hamilton 6
TOP OF THE 4TH
Niagara Falls Phantoms batting - Pitching for Hamilton Cardinals : LHP David Salas
Batting: SHB Dylan Best 0-0: Ball
1-0: SINGLE (Line Drive, 89S, EV 100.6 MPH)
Batting: LHB Dave Ortiz 0-0: Foul Ball, location: 2F
0-1: Foul Ball, location: 2F
0-2: Ball
1-2: Foul Ball, location: 2F
1-2: Strikes out swinging
Batting: LHB Danny de Leon 0-0: Foul Ball, location: 2F
0-1: Foul Ball, location: 2F
0-2: Ball
1-2: Strikes out swinging
Batting: RHB Arturo Gomez 0-0: Foul Ball, location: 2F
0-1: Fly out, F7 (Flyball, 78S, EV 89.4 MPH)
Top of the 4th over - 0 runs, 1 hit, 0 errors, 1 left on base; Niagara Falls 0 - Hamilton 6
BOTTOM OF THE 4TH
Hamilton Cardinals batting - Pitching for Niagara Falls Phantoms : LHP Jordan Medina
Batting: RHB Jonathan Winkler 0-0: Foul Ball, location: 2F
0-1: Ball
1-1: Ball
2-1: SINGLE (Line Drive, 56D, EV 95.6 MPH)
Batting: RHB Juan Carrillo 0-0: Ball
1-0: Ball
2-0: Called Strike
2-1: Fly out, F8 (Flyball, 8LD, EV 86.9 MPH)
Batting: RHB Mario Carbajal 0-0: Called Strike
0-1: Ball
1-1: Foul Ball, location: 2F
1-2: Strikes out swinging
Batting: RHB Pablo Nunez 0-0: 2-RUN HOME RUN (Flyball, 7D, EV 100.6 MPH), Distance : 397 ft
Batting: LHB Rafael Banda 0-0: Ball
1-0: Foul Ball, location: 2F
1-1: Foul Ball, location: 2F
1-2: Ball
2-2: Foul Ball, location: 2F
2-2: Ball
3-2: Foul Ball, location: 2F
3-2: Foul Ball, location: 2F
3-2: Base on Balls
Batting: RHB Shou-feng Chang 0-0: Ball
1-0: Foul Ball, location: 2F
1-1: Ball
Wild Pitch!
Rafael Banda to second
2-1: Ball
3-1: SINGLE (Flyball, 8LS, EV 87.5 MPH)
Rafael Banda to third
Runner from 3rd tries for Home, SAFE, throw by CF to home
Pitching: RHP Javy Gonzalez
Batting: LHB Mike East 0-0: Called Strike
0-1: Ball
1-1: Ball
Passed Ball!
Shou-feng Chang to second
2-1: Called Strike
2-2: Ball
3-2: Foul Ball, location: 2F
3-2: 2-RUN HOME RUN (Flyball, 89XD, EV 111.2 MPH), Distance : 421 ft
Batting: RHB David Snyder 0-0: Called Strike
0-1: Ball
1-1: Fly out, F8 (Line Drive, 8RD, EV 105.0 MPH)
Bottom of the 4th over - 5 runs, 4 hits, 0 errors, 0 left on base; Niagara Falls 0 - Hamilton 11
TOP OF THE 5TH
Niagara Falls Phantoms batting - Pitching for Hamilton Cardinals : LHP David Salas
Batting: LHB Victor Reyna 0-0: Called Strike
0-1: Ground out 5-3 (Groundball, 5, EV 87.5 MPH)
Batting: RHB Paul Ngumi 0-0: Swinging Strike
0-1: Foul Ball, location: 2F
0-2: Fly out, F9 (Flyball, 9LSF, EV 89.4 MPH)
Batting: LHB Chris Viehman 0-0: Called Strike
0-1: Ball
1-1: SINGLE (Groundball, 56D, EV 104.4 MPH)
Batting: LHB Luis Ponce 0-0: Called Strike
0-1: Foul Ball, location: 2F
0-2: Strikes out looking
Top of the 5th over - 0 runs, 1 hit, 0 errors, 1 left on base; Niagara Falls 0 - Hamilton 11
BOTTOM OF THE 5TH
Hamilton Cardinals batting - Pitching for Niagara Falls Phantoms : RHP Javy Gonzalez
Batting: SHB J.T. Ready 0-0: Swinging Strike
0-1: Called Strike
0-2: Strikes out swinging
Batting: RHB Jonathan Winkler 0-0: Ball
1-0: Swinging Strike
1-1: Foul Ball, location: 2F
1-2: Ground out 6-3 (Groundball, 6, EV 103.8 MPH)
Batting: RHB Juan Carrillo 0-0: Ball
1-0: Foul Ball, location: 2F
1-1: Ball
2-1: Ball
3-1: Base on Balls
Batting: RHB Mario Carbajal 0-0: Called Strike
0-1: Foul Ball, location: 2F
0-2: Ball
1-2: Strikes out swinging
Bottom of the 5th over - 0 runs, 0 hits, 0 errors, 1 left on base; Niagara Falls 0 - Hamilton 11
TOP OF THE 6TH
Niagara Falls Phantoms batting - Pitching for Hamilton Cardinals : LHP David Salas
Batting: RHB Jose Villanueva 0-0: Ball
1-0: Foul Ball, location: 2F
1-1: Ground out 5-3 (Groundball, 56S, EV 86.9 MPH)
Batting: SHB Dylan Best 0-0: Called Strike
0-1: Ball
1-1: Foul Ball, location: 2F
1-2: Ground out 4-3 (Groundball, 4, EV 83.8 MPH)
Batting: LHB Dave Ortiz 0-0: Ball
1-0: Ball
2-0: Swinging Strike
2-1: Called Strike
2-2: Foul Ball, location: 2F
2-2: Fly out, F8 (Line Drive, 78M, EV 90.6 MPH)
Top of the 6th over - 0 runs, 0 hits, 0 errors, 0 left on base; Niagara Falls 0 - Hamilton 11
BOTTOM OF THE 6TH
Hamilton Cardinals batting - Pitching for Niagara Falls Phantoms : RHP Javy Gonzalez
Pitching: RHP Mauricio Zambrana
Batting: RHB Pablo Nunez 0-0: Swinging Strike
0-1: Ball
1-1: Foul Ball, location: 2F
1-2: Ball
2-2: Strikes out looking
Batting: LHB Rafael Banda 0-0: Foul Ball, location: 2F
0-1: Called Strike
0-2: Foul Ball, location: 2F
0-2: Ball
1-2: Strikes out swinging
Batting: RHB Shou-feng Chang 0-0: Ground out 5-3 (Groundball, 56, EV 97.5 MPH)
Bottom of the 6th over - 0 runs, 0 hits, 0 errors, 0 left on base; Niagara Falls 0 - Hamilton 11
TOP OF THE 7TH
Niagara Falls Phantoms batting - Pitching for Hamilton Cardinals : LHP David Salas
Pinch Hitting: RHB Tchaa Kombate 0-0: Swinging Strike
0-1: Foul Ball, location: 2F
0-2: Strikes out swinging
Batting: RHB Arturo Gomez 0-0: Called Strike
0-1: Foul Ball, location: 2F
0-2: Ball
1-2: Ball
2-2: Strikes out swinging
Batting: LHB Victor Reyna 0-0: Ball
1-0: Ball
2-0: Ball
3-0: Base on Balls
Batting: RHB Paul Ngumi 0-0: Ball
1-0: Called Strike
1-1: Foul Ball, location: 2F
1-2: Strikes out looking
Top of the 7th over - 0 runs, 0 hits, 0 errors, 1 left on base; Niagara Falls 0 - Hamilton 11
BOTTOM OF THE 7TH
Hamilton Cardinals batting - Pitching for Niagara Falls Phantoms : RHP Mauricio Zambrana
Now in RF: Tchaa Kombate
Batting: LHB Mike East 0-0: Called Strike
0-1: Swinging Strike
0-2: Ball
1-2: Ball
2-2: Ball
3-2: Strikes out swinging
Batting: RHB David Snyder 0-0: Called Strike
0-1: Ball
1-1: Swinging Strike
1-2: Strikes out looking
Pinch Hitting: RHB Seung-kab Park 0-0: Swinging Strike
0-1: Fly out, F7 (Flyball, 7D, EV 100.0 MPH)
Bottom of the 7th over - 0 runs, 0 hits, 0 errors, 0 left on base; Niagara Falls 0 - Hamilton 11
TOP OF THE 8TH
Niagara Falls Phantoms batting - Pitching for Hamilton Cardinals : LHP David Salas
Now at 1B: Seung-kab Park
Batting: LHB Chris Viehman 0-0: Called Strike
0-1: Ball
1-1: Called Strike
1-2: Strikes out swinging
Batting: LHB Luis Ponce 0-0: Ball
1-0: Fly out, F8 (Flyball, 8LM, EV 80.0 MPH)
Batting: RHB Jose Villanueva 0-0: Ball
1-0: Ball
2-0: Swinging Strike
2-1: Swinging Strike
2-2: Ball
3-2: Strikes out swinging
Top of the 8th over - 0 runs, 0 hits, 0 errors, 0 left on base; Niagara Falls 0 - Hamilton 11
BOTTOM OF THE 8TH
Hamilton Cardinals batting - Pitching for Niagara Falls Phantoms : RHP Mauricio Zambrana
Pitching: RHP Alex Roman
Batting: RHB Jonathan Winkler 0-0: Ball
1-0: Ball
2-0: Fly out, F8 (Line Drive, 89D, EV 94.4 MPH)
Batting: RHB Juan Carrillo 0-0: Ball
1-0: Foul Ball, location: 2F
1-1: Foul Ball, location: 2F
1-2: Ball
2-2: Fly out, F9 (Flyball, 9, EV 93.8 MPH)
Batting: RHB Mario Carbajal 0-0: Called Strike
0-1: Foul Ball, location: 2F
0-2: Ball
1-2: Strikes out swinging
Bottom of the 8th over - 0 runs, 0 hits, 0 errors, 0 left on base; Niagara Falls 0 - Hamilton 11
TOP OF THE 9TH
Niagara Falls Phantoms batting - Pitching for Hamilton Cardinals : LHP David Salas
Batting: SHB Dylan Best 0-0: Called Strike
0-1: Foul Ball, location: 2F
0-2: Ball
1-2: Foul Ball, location: 2F
1-2: Ball
2-2: Ball
3-2: Base on Balls
Pinch Hitting: RHB Ken Stair 0-0: Called Strike
0-1: Hit by Pitch
Dylan Best to second
Batting: RHB Tchaa Kombate 0-0: Called Strike
0-1: Fly out, F7 (Flyball, 7LM, EV 86.2 MPH)
Pitching: RHP Daniel Boulter
Batting: RHB Arturo Gomez 0-0: Ball
1-0: Fly out, F8 (Flyball, 8RS, EV 93.1 MPH)
Batting: LHB Victor Reyna 0-0: Called Strike
0-1: Swinging Strike
0-2: Strikes out swinging
Top of the 9th over - 0 runs, 0 hits, 0 errors, 2 left on base; Niagara Falls 0 - Hamilton 11
Thursday, December 15th , 2022 - OOTP Baseball 23.9 Build 102